Map: Efflorescence LE

Players

qqq

  • Race: Protoss Protoss
  • Spawn Location: 3:00

Massa

  • Race: Terran Terran
  • League: Gold
  • Spawn Location: 12:00

Starman

  • Race: Zerg Zerg
  • League: Diamond
  • Spawn Location: 9:00

antizack

  • Race: Protoss Protoss
  • League: Platinum
  • Spawn Location: 6:00

VOD

Have the link to the VOD?

Description

Time

  • Played on: July 2, 2020, 2:59 p.m.
  • Length: 18:33
Show
View Real Time Build Order
Export as new Build Order

qqq Protoss 

Build Orders: Carriers 

Get SALT Encoding   

  12  0:02  Probe  
  13  0:19  Pylon  
  13  0:21  Probe  
  14  0:33  Probe  
  15  0:45  Forge  
  15  0:53  Probe  
  16  0:57  Pylon  
  16  1:05  Probe  
  17  1:15  Gateway  
  17  1:26  Pylon  
  17  1:48  Nexus  
  17  1:55  Photon Cannon  
  17  2:02  Photon Cannon  
  16  2:15  Assimilator  
  16  2:20  Assimilator  
  16  2:29  Probe  
  17  2:33  Photon Cannon, Pylon  
  17  2:41  Probe  
  18  2:46  Cybernetics Core  
  18  2:53  Probe  
  19  3:05  Probe  
  20  3:18  Probe  
  21  3:26  Stargate  
  21  3:27  Probe  
  21  3:30  Probe  
  23  3:35  Probe  
  24  3:43  Probe  
  25  3:55  Probe  
  25  3:59  Protoss Air Weapons Level 1  
  26  4:07  Probe  
  26  4:09  Stargate  
  27  4:16  Assimilator  
  27  4:20  Probe  
  27  4:21  Assimilator  
  28  4:26  Phoenix  
  30  4:32  Probe  
  31  4:41  Probe  
  32  4:50  Probe  
  32  4:51  Phoenix  
  34  4:55  Phoenix  
  34  4:58  Probe  
  38  5:10  Probe  
  39  5:16  Phoenix  
  39  5:20  Phoenix  
  43  5:22  Probe  
  44  5:34  Probe  
  45  5:41  Phoenix  
  47  5:43  Phoenix  
  47  5:46  Probe  
  50  5:58  Probe  
  51  6:06  Phoenix  
  51  6:11  Probe  
  54  6:19  Protoss Air Armor Level 1  
  54  6:26  Fleet Beacon  
  54  6:32  Pylon  
  54  6:34  Pylon  
  54  6:39  Pylon  
  54  6:49  Phoenix x2  
  54  6:50  Probe  
  59  7:02  Probe  
  60  7:11  Anion Pulse-Crystals  
  60  7:14  Probe, Phoenix  
  63  7:19  Pylon  
  63  7:20  Phoenix  
  65  7:26  Probe  
  62  7:38  Probe  
  62  7:39  Phoenix  
  61  7:45  Phoenix  
  61  8:04  Phoenix  
  61  8:10  Phoenix  
  59  8:17  Probe  
  60  8:24  Photon Cannon  
  60  8:27  Photon Cannon  
  60  8:28  Nexus  
  60  8:29  Probe, Phoenix  
  60  8:30  Shield Battery  
  60  8:32  Pylon  
  60  8:33  Photon Cannon  
  63  8:35  Phoenix  
  65  8:41  Probe  
  66  8:53  Probe  
  66  8:54  Phoenix  
  69  8:59  Mothership  
  69  9:00  Phoenix  
  71  9:05  Probe  
  80  9:14  Stargate  
  80  9:27  Photon Cannon  
  80  9:42  Probe  
  81  9:46  Phoenix  
  81  9:47  Phoenix  
  85  9:55  Probe  
  85  9:57  Protoss Air Weapons Level 2  
  86  10:01  Assimilator  
  86  10:05  Assimilator  
  86  10:07  Probe, Photon Cannon  
  87  10:11  Phoenix  
  87  10:12  Phoenix x2  
  93  10:19  Probe  
  92  10:31  Probe  
  93  10:47  Phoenix x3  
  99  10:57  Nexus  
  99  11:13  Pylon  
  99  11:16  Photon Cannon  
  99  11:17  Pylon  
  99  11:19  Pylon  
  99  11:27  Nexus  
  99  11:29  Pylon  
  99  11:32  Pylon  
  99  11:35  Carrier, Pylon  
  105  11:47  Void Ray  
  105  11:51  Pylon  
  109  12:09  Pylon  
  91  12:17  Phoenix  
  91  12:27  Mothership  
  99  12:30  Phoenix  
  101  12:40  Carrier  
  107  12:44  Photon Cannon  
  107  12:45  Probe  
  107  12:48  Photon Cannon  
  107  12:57  Probe  
  108  13:01  Void Ray  
  108  13:05  Probe  
  111  13:09  Probe  
  112  13:17  Probe  
  107  13:21  Probe  
  82  13:28  Carrier  
  82  13:29  Probe  
  83  13:35  Probe  
  85  13:41  Probe  
  85  13:44  Carrier  
  85  13:47  Probe  
  92  13:48  Zealot  
  92  13:53  Probe  
  95  13:56  Tempest  
  95  13:59  Probe  
  101  14:05  Probe  
  102  14:11  Probe, Shield Battery  
  102  14:12  Pylon  
  102  14:15  Zealot  
  105  14:17  Probe  
  105  14:23  Probe  
  107  14:33  Carrier  
  107  14:35  Probe  
  114  14:39  Carrier  
  114  14:42  Zealot  
  114  14:45  Stargate  
  122  14:47  Probe  
  122  14:48  Assimilator  
  122  14:52  Assimilator  
  123  14:53  Probe  
  123  14:57  Carrier  
  123  14:59  Probe  
  131  15:06  Probe  
  132  15:10  Zealot  
  132  15:12  Probe  
  135  15:17  Photon Cannon  
  135  15:18  Probe  
  132  15:23  Protoss Air Weapons Level 3  
  132  15:24  Probe  
  133  15:36  Probe  
  133  15:37  Carrier  
  140  15:44  Carrier  
  134  16:03  Carrier  
  112  16:26  Photon Cannon  
  112  16:28  Photon Cannon  
  112  16:34  Photon Cannon, Pylon  
  112  16:39  Photon Cannon  
  112  16:41  Carrier  
  126  16:48  Carrier  
  132  17:07  Carrier  
  136  17:13  Photon Cannon  
  136  17:15  Photon Cannon  
  136  17:16  Shield Battery  
  136  17:19  Nexus  
  136  17:20  Pylon  
  136  17:21  Pylon  
  136  17:45  Photon Cannon, Void Ray  
  95  18:20  Photon Cannon  
  95  18:23  Photon Cannon  
  95  18:28  Twilight Council  
  95  18:30  Gateway x2  
Show
View Real Time Build Order
Export as new Build Order

Massa Terran 

Build Orders:  

Get SALT Encoding   

  12  0:06  SCV  
  13  0:16  Supply Depot  
  13  0:18  SCV  
  14  0:30  Refinery  
  14  0:31  SCV  
  15  0:43  Barracks  
  15  0:47  SCV  
  16  0:58  Supply Depot  
  16  1:02  SCV  
  17  1:14  SCV  
  18  1:21  Refinery  
  18  1:27  SCV  
  19  1:36  Reaper  
  20  1:44  Orbital Command  
  20  1:55  Factory  
  21  2:09  Marine  
  21  2:23  SCV  
  21  2:27  Marine  
  23  2:48  SCV  
  24  3:11  Factory Tech Lab  
  24  3:12  Barracks Tech Lab  
  24  3:16  Starport  
  24  3:34  Command Center  
  24  3:35  Siege Tank  
  24  3:36  Marauder  
  29  3:58  Marauder  
  31  4:28  Marine  
  31  4:35  Concussive Shells  
  31  4:43  Supply Depot  
  31  4:45  Marine, Supply Depot x3  
  31  4:46  Supply Depot, Engineering Bay, Siege Tank  
  31  4:47  Medivac  
  37  4:56  Orbital Command  
  37  5:05  Marauder  
  39  5:08  Supply Depot  
  39  5:19  Barracks  
  39  5:24  Barracks  
  39  5:26  Missile Turret  
  39  5:32  Missile Turret  
  39  5:41  Siege Tank  
  42  5:43  Marauder  
  42  5:48  Medivac  
  46  5:51  SCV  
  46  5:55  SCV  
  48  6:04  SCV  
  49  6:05  Marauder  
  51  6:12  Barracks Reactor  
  51  6:13  Barracks Tech Lab  
  51  6:16  Cyclone  
  47  6:45  Marauder  
  47  7:03  Medivac  
  47  7:06  Barracks Tech Lab, Marauder  
  51  7:23  Terran Infantry Weapons Level 1  
  51  7:25  Stimpack  
  51  7:28  Marauder  
  53  7:49  Marauder  
  45  8:10  Marauder  
  45  8:11  Marauder, Marine x2  
  38  8:15  SCV x2  
  36  8:27  SCV x2  
  36  8:29  Marine x2, Supply Depot  
  36  8:32  Marauder x2  
  44  8:39  SCV x2  
  44  8:40  Combat Shield  
  46  8:47  Marine x2  
  48  8:51  SCV x2, Supply Depot  
  48  8:53  Marauder  
  48  8:54  Marauder  
  54  9:00  Command Center  
  54  9:03  SCV  
  54  9:04  SCV, Marine  
  54  9:05  Marine  
  58  9:14  Marauder  
  58  9:15  SCV, Marauder  
  58  9:16  Missile Turret  
  63  9:19  Armory  
  63  9:23  Armory  
  63  9:31  Factory  
  63  9:36  Marauder x2  
  63  9:38  Marine x2, Missile Turret  
  69  9:47  SCV x2  
  71  9:54  Refinery  
  71  9:56  Marine x2  
  71  9:57  Terran Infantry Armor Level 1, Marauder  
  71  9:58  Marauder  
  71  9:59  SCV  
  79  10:00  SCV  
  79  10:11  SCV  
  79  10:12  SCV  
  79  10:13  Marine  
  82  10:14  Marine  
  82  10:16  Missile Turret  
  82  10:19  Marauder, Marine  
  86  10:30  Factory Tech Lab  
  86  10:31  Marine  
  86  10:32  Marine  
  86  10:33  Thor  
  94  10:36  Marine  
  94  10:38  Missile Turret  
  94  10:39  Marine  
  92  10:49  Marine x2  
  86  10:54  Marine  
  85  10:57  Marine  
  66  11:07  Marine x2  
  66  11:09  SCV  
  66  11:10  SCV  
  64  11:12  Marine  
  64  11:15  Marine  
  65  11:22  SCV x2  
  65  11:25  Marine x2  
  67  11:27  Thor  
  67  11:30  Marine  
  75  11:34  SCV x2  
  75  11:36  Marine  
  75  11:37  Missile Turret  
  75  11:39  Thor  
  84  11:42  Marine  
  84  11:43  Marine  
  84  11:44  Refinery  
  84  11:46  SCV x2  
  88  11:48  Marauder  
  88  11:50  Refinery  
  90  11:54  Marine  
  90  11:58  SCV x2, Missile Turret  
  90  12:00  Marine  
  90  12:01  Marine  
  77  12:10  Marauder  
  76  12:16  SCV x2  
  76  12:17  SCV  
  76  12:18  Marine  
  76  12:19  Marine  
  81  12:28  SCV  
  81  12:29  SCV x2  
  84  12:30  Marine  
  84  12:32  Refinery  
  84  12:33  Thor x2  
  84  12:36  Marauder, Marine  
  100  13:27  Thor x2  
  73  13:29  Marine  
  73  13:30  Marine x3  
  79  13:42  Command Center  
  79  13:47  Marine x4, Planetary Fortress  
  83  14:05  Marine x3  
  83  14:08  Missile Turret x2  
  83  14:09  Thor  
  86  14:10  Thor  
  86  14:12  Factory  
  86  14:13  SCV  
  86  14:14  SCV  
  100  14:25  SCV  
  100  14:26  SCV  
  100  14:27  Missile Turret  
  101  14:37  SCV  
  101  14:38  SCV  
  103  14:45  Sensor Tower  
  103  14:48  Missile Turret  
  103  14:49  SCV  
  103  14:52  Thor x2  
  104  14:59  Marine x2  
  118  15:00  Marine, Missile Turret  
  118  15:04  Factory Tech Lab  
  119  15:21  Missile Turret  
  118  15:41  Missile Turret  
  94  15:53  Marauder x2, Marine x2  
  94  15:54  Thor  
  94  15:55  Thor  
  110  16:11  Marine x2  
  110  16:14  Marauder x2  
  116  16:22  Planetary Fortress  
  116  16:28  Command Center  
  116  16:43  Marauder  
  116  16:44  Marauder  
  63  16:56  Thor x2  
  63  16:59  Marine  
  76  17:04  SCV x3, Marauder  
  76  17:05  Marauder  
  83  17:26  Marauder  
  83  17:27  Marauder  
  87  17:39  Thor  
  87  17:40  Command Center  
  93  17:45  Command Center  
  93  17:47  Marauder  
  95  17:56  Marauder, Marine  
  95  17:57  Marine  
  105  18:08  Marauder  
Show
View Real Time Build Order
Export as new Build Order

Starman Zerg 

Build Orders: Hatch First 

Get SALT Encoding   

  12  0:02  Drone  
  13  0:17  Overlord  
  13  0:18  Drone  
  14  0:36  Drone x2  
  14  0:40  Drone  
  17  0:52  Drone  
  18  1:02  Hatchery, Drone  
  18  1:05  Extractor  
  17  1:16  Spawning Pool  
  16  1:22  Drone  
  16  1:23  Drone  
  18  1:35  Drone  
  19  2:14  Zergling x6  
  19  2:15  Drone  
  23  2:21  Queen x2  
  27  2:23  Metabolic Boost  
  27  2:28  Drone  
  28  2:50  Spine Crawler  
  27  2:54  Spine Crawler  
  26  2:58  Spine Crawler  
  26  3:02  Overlord x2  
  27  3:09  Overlord  
  28  3:22  Drone x5  
  33  3:39  Drone x3  
  33  3:40  Drone x2  
  38  3:43  Baneling Nest  
  38  3:46  Evolution Chamber  
  36  3:52  Drone  
  36  3:53  Drone x5  
  42  4:09  Lair  
  42  4:14  Hatchery  
  41  4:18  Drone x2  
  41  4:20  Extractor  
  41  4:21  Extractor  
  41  4:30  Drone x3  
  44  4:32  Overlord  
  44  4:35  Extractor  
  44  4:37  Overlord  
  43  4:41  Drone  
  44  4:51  Zerg Melee Weapons Level 1  
  44  4:57  Drone  
  44  4:59  Drone x2  
  47  5:00  Drone  
  48  5:11  Drone x3, Spire  
  48  5:12  Overlord  
  48  5:13  Drone  
  51  5:19  Queen  
  53  5:28  Queen  
  55  5:38  Spore Crawler  
  54  5:53  Drone  
  54  5:55  Drone  
  54  5:56  Drone x11  
  67  6:03  Queen  
  69  6:15  Drone x3  
  72  6:19  Drone, Extractor  
  72  6:20  Extractor, Drone x2  
  73  6:40  Drone  
  73  6:41  Overlord x3  
  74  6:52  Centrifical Hooks  
  74  6:55  Zerg Flyer Armor Level 1  
  74  7:04  Drone  
  74  7:05  Drone  
  74  7:06  Drone x2  
  74  7:07  Drone  
  79  7:09  Drone  
  79  7:12  Overlord  
  78  7:17  Corruptor x5  
  78  7:18  Corruptor  
  78  7:20  Hatchery, Overlord x2  
  86  7:34  Zergling x2  
  86  7:35  Zergling x18  
  94  7:42  Zergling x4  
  94  7:43  Zergling x2  
  88  8:05  Corruptor x2  
  92  8:21  Hatchery  
  91  8:33  Overlord  
  91  8:41  Queen  
  93  8:43  Zerg Melee Weapons Level 2  
  93  8:48  Infestation Pit  
  93  8:50  Spire  
  91  8:57  Corruptor x5  
  101  9:10  Drone  
  101  9:11  Drone x2  
  101  9:12  Drone  
  105  9:27  Corruptor x3  
  105  9:28  Corruptor  
  104  9:52  Spore Crawler  
  104  9:53  Drone  
  104  9:54  Drone x13  
  117  10:00  Drone  
  118  10:21  Extractor, Hive  
  117  10:23  Extractor  
  117  10:24  Zerg Flyer Weapons Level 1  
  117  10:26  Zerg Flyer Armor Level 2  
  114  10:29  Corruptor  
  114  10:34  Zergling x2  
  114  10:35  Zergling x26  
  112  10:58  Zergling x2  
  112  10:59  Zergling x22  
  113  11:04  Corruptor x6  
  125  11:16  Drone x2  
  125  11:17  Overlord x2  
  125  11:18  Overlord x2  
  127  11:24  Baneling x6  
  127  11:25  Baneling  
  127  11:34  Hatchery, Queen  
  127  11:35  Hatchery, Zerg Melee Weapons Level 3  
  127  11:41  Evolution Chamber  
  127  11:45  Corruptor x6  
  138  11:48  Overlord x2  
  123  12:14  Zergling x14  
  123  12:15  Zergling x20  
  134  12:41  Corruptor x4  
  134  12:42  Corruptor x4  
  150  12:55  Zergling x8  
  150  12:56  Zergling x18  
  158  12:59  Zerg Ground Armor Level 1  
  158  13:01  Baneling x13  
  158  13:02  Baneling x7  
  158  13:06  Zergling x12  
  158  13:07  Zergling x2  
  158  13:11  Overlord  
  152  13:44  Drone  
  152  13:45  Overlord  
  152  13:46  Drone x2  
  152  13:48  Drone  
  156  13:49  Drone  
  156  13:51  Queen  
  159  14:00  Zergling x2  
  159  14:01  Zergling x32  
  176  14:11  Baneling x3  
  176  14:12  Baneling  
  176  14:25  Baneling  
  176  14:26  Baneling x5  
  176  14:27  Hatchery, Baneling x3  
  176  14:28  Baneling  
  175  14:34  Overseer  
  175  14:52  Baneling x3  
  175  14:53  Baneling  
  175  14:54  Overlord x3  
  175  15:05  Greater Spire  
  175  15:06  Zerg Flyer Armor Level 3  
  175  15:14  Corruptor  
  175  15:15  Corruptor x3  
  175  15:17  Overlord  
  175  15:19  Zergling x8  
  175  15:20  Zergling x24  
  187  15:47  Zergling x2  
  187  15:48  Zergling x30  
  200  16:03  Zergling x2  
  188  16:38  Zergling x2  
  188  16:39  Zergling x14  
  190  16:48  Zergling x2  
  190  16:49  Zergling x20  
  196  17:00  Extractor  
  193  17:01  Extractor  
  193  17:07  Zergling x2  
  193  17:08  Zergling x24  
  199  17:16  Baneling x13  
  199  17:17  Baneling x9  
  197  17:47  Corruptor  
Show
View Real Time Build Order
Export as new Build Order

antizack Protoss 

Build Orders: Carriers 

Get SALT Encoding   

  12  0:01  Probe  
  13  0:15  Probe  
  13  0:19  Pylon  
  14  0:27  Probe  
  15  0:41  Gateway  
  15  0:43  Assimilator  
  15  0:45  Probe  
  16  0:57  Probe  
  17  1:09  Probe  
  18  1:13  Assimilator  
  18  1:15  Pylon  
  18  1:21  Probe  
  19  1:33  Probe  
  19  1:34  Cybernetics Core  
  20  1:45  Probe  
  21  1:53  Gateway  
  21  1:57  Probe  
  22  2:09  Probe, Warp Gate  
  23  2:22  Nexus  
  23  2:27  Probe  
  24  2:37  Stalker  
  26  2:47  Shield Battery  
  26  2:51  Adept  
  28  3:02  Probe  
  29  3:14  Probe  
  30  3:20  Pylon  
  30  3:27  Probe  
  31  3:33  Adept x2  
  35  3:38  Probe  
  35  3:39  Probe  
  37  3:50  Probe  
  37  3:51  Probe  
  39  4:02  Probe  
  39  4:42  Stargate  
  39  4:44  Probe x2, Stargate  
  41  4:46  Stargate  
  41  4:47  Assimilator  
  41  4:50  Pylon  
  41  4:53  Assimilator  
  41  4:54  Pylon  
  41  4:56  Probe x2, Protoss Air Weapons Level 1  
  43  5:08  Probe  
  43  5:12  Stargate  
  44  5:16  Probe  
  44  5:18  Stargate x2  
  44  5:20  Probe  
  46  5:28  Probe, Phoenix  
  49  5:31  Phoenix  
  49  5:32  Probe  
  52  5:40  Probe  
  53  5:43  Phoenix  
  53  5:44  Probe  
  56  5:54  Probe, Forge  
  56  5:56  Probe  
  58  6:07  Phoenix  
  58  6:08  Phoenix x2  
  64  6:12  Probe  
  65  6:30  Nexus  
  61  6:42  Phoenix  
  61  6:43  Phoenix x2  
  67  6:49  Pylon  
  67  6:53  Pylon  
  67  6:56  Assimilator  
  67  7:00  Assimilator  
  67  7:01  Fleet Beacon  
  67  7:06  Probe x2  
  69  7:18  Probe x2  
  69  7:22  Phoenix x3  
  77  7:32  Phoenix  
  75  7:39  Probe x2  
  75  7:40  Phoenix  
  75  7:41  Phoenix  
  69  7:52  Probe x2  
  71  8:04  Probe  
  72  8:10  Phoenix x3  
  78  8:18  Probe x2  
  78  8:19  Probe  
  81  8:26  Protoss Air Weapons Level 2  
  81  8:30  Probe x2, Phoenix  
  81  8:31  Probe  
  86  8:42  Probe x2  
  86  8:43  Probe  
  86  8:48  Phoenix x3  
  95  8:54  Probe  
  95  8:55  Probe  
  97  9:05  Probe  
  97  9:06  Probe  
  97  9:07  Probe  
  100  9:15  Pylon  
  100  9:18  Probe  
  101  9:32  Phoenix x4  
  109  9:52  Nexus  
  109  9:58  Pylon  
  109  10:03  Pylon  
  109  10:07  Phoenix  
  109  10:08  Phoenix x2  
  109  10:15  Phoenix x3  
  109  10:16  Probe x2  
  109  10:17  Pylon x2  
  109  10:20  Pylon  
  123  10:24  Pylon  
  123  10:32  Phoenix  
  125  10:40  Phoenix x2  
  117  11:04  Phoenix x4  
  117  11:05  Phoenix x2  
  129  11:24  Probe x4  
  133  11:29  Phoenix x4  
  133  11:30  Phoenix x2  
  133  11:31  Assimilator  
  145  11:36  Probe x3, Assimilator  
  148  11:44  Carrier x3  
  166  12:12  Phoenix  
  166  12:13  Phoenix x2  
  136  12:33  Phoenix x2  
  136  12:35  Phoenix  
  142  12:48  Phoenix x2  
  146  12:55  Carrier  
  152  13:09  Carrier  
  147  13:28  Carrier x3  
  165  13:50  Carrier  
  171  14:25  Protoss Air Weapons Level 3  
  171  14:41  Probe  
  172  14:55  Pylon  
  172  14:58  Pylon  
  172  15:01  Pylon  
  172  15:06  Pylon  
  172  15:07  Assimilator  
  172  15:12  Assimilator  
  172  15:13  Probe x2, Carrier  
  180  15:16  Probe x2  
  180  15:17  Carrier  
  180  15:20  Carrier  
  194  15:24  Carrier  
  200  15:32  Carrier  
  152  16:07  Carrier  
  152  16:09  Carrier  
  134  16:12  Carrier  
  134  16:14  Carrier  
  146  16:18  Carrier  
  157  16:26  Carrier  
  152  17:07  Carrier  
  152  17:11  Carrier  
  152  17:15  Carrier  
  164  17:18  Carrier  
  182  17:22  Carrier  
  182  17:36  Nexus  
  188  17:40  Gateway  
  188  17:42  Gateway x2  
  188  17:43  Gateway  
  188  17:45  Gateway  
  188  17:47  Gateway  
  188  17:50  Gateway  
  188  17:51  Gateway  
  188  17:53  Gateway  
  188  17:56  Gateway  
  188  17:57  Gateway x2  
Tags
 
Add a new tag
Caveats
  • Supply blocks, unpowered buildings, or Contaminate may cause inaccurate times.
  • Supply counts are checked every 10 seconds.